New York Rangers vs Philadelphia Flyers

Created - vendredi 23 novembre 2018 at 19:00

Goals
1 2 3 T
New York Rangers 0 0 1 1
Philadelphia Flyers 0 1 2 3
Shots
1 2 3 T
New York Rangers 8 11 11 30
Philadelphia Flyers 4 18 14 36

1st period

No Goal

Penalties :
Zdeno Chara (PHI) for High sticking (Minor) at 12:14, Tony DeAngelo (NYR) for Hooking (Minor) at 14:13

2nd period

1. Philadelphia Flyers , Wayne Simmonds 11 (Travis Konecny 3) at 17:47 (PP)

Penalties :
Shawn Matthias (NYR) for Hooking (Minor) at 7:35, Jakub Voracek (PHI) for Elbowing (Minor) at 11:25, Chris Kreider (NYR) for Hooking (Minor) at 16:17

3rd period

2. Philadelphia Flyers , Claude Giroux 9 (Jakub Voracek 6, Sean Couturier 14) at 14:17
3. Philadelphia Flyers , Wayne Simmonds 12 (Sean Couturier 15) at 15:10
4. New York Rangers , Shawn Matthias 1 (Tony DeAngelo 1, Brandon Dubinsky 4) at 19:58

Penalties :
Shawn Matthias (NYR) for Slashing (Minor) at 7:27, Scott Laughton (PHI) for Tripping (Minor) at 0:00

Goalie Stats

Peter Budaj (NYR), 33 saves from 36 shots - (0.917), L, 1-1-0, 60:00 minutes
Henrik Lundqvist (PHI), 29 saves from 30 shots - (0.967), W, 11-5-3, 60:00 minutes

Players Stats for New York Rangers

Player Name              G  A  P  +/- PIM S  H  SB GA TA FO     MP     PP MP  PK MP  
------------------------------------------------------------------------------------
Alexander Petrovic       0  0  0   0  0   0  0  1  0  2  0/0    19:08   2:23   2:58 
Alexandre Burrows        0  0  0   0  0   1  2  0  0  0  0/0     8:26   0:07   0:44 
Brady Skjei              0  0  0   0  0   3  1  1  0  0  0/0    23:02   2:23   4:13 
Brandon Dubinsky         0  1  1   0  0   5  3  1  0  0  6/26   16:32   2:09   0:09 
Brandon Pirri            0  0  0   0  0   0  0  1  0  0  1/2     7:28   0:00   0:00 
Chris Kreider            0  0  0  -1  2   1  2  0  2  0  0/2    16:55   2:09   2:29 
Dan Girardi              0  0  0  -1  0   2  1  0  1  0  0/0    17:42   0:07   1:06 
J.T. Miller              0  0  0  -1  0   3  2  0  0  0  5/12   17:14   1:39   3:29 
Josh Leivo               0  0  0  -1  0   2  0  0  0  0  1/1    14:06   2:09   0:00 
Jujhar Khaira            0  0  0   0  0   2  4  1  0  0  4/16   14:34   0:10   0:00 
Kris Russell             0  0  0   0  0   2  0  3  2  0  0/0    22:09   0:00   4:29 
Magnus Paajarvi          0  0  0   0  0   0  1  0  1  0  1/1    14:16   0:07   0:00 
Mats Zuccarello          0  0  0   0  0   4  0  2  1  2  3/6    20:07   1:42   3:50 
Matt Martin              0  0  0   0  0   0  0  0  0  1  0/0     7:28   0:00   0:00 
Mike Hoffman             0  0  0   0  0   2  3  0  0  0  2/2    19:55   1:42   3:19 
Neal Pionk               0  0  0  -1  0   1  1  0  0  1  0/0    18:36   1:28   0:00 
Shawn Matthias           1  0  1   0  4   2  1  2  0  0  1/2    15:08   0:00   0:54 
Tony DeAngelo            0  1  1   0  2   0  3  0  0  0  0/0    19:43   1:34   2:08 

Players Stats for Philadelphia Flyers

Player Name              G  A  P  +/- PIM S  H  SB GA TA FO     MP     PP MP  PK MP  
------------------------------------------------------------------------------------
Brandon Manning          0  0  0  -1  0   2  3  0  1  1  0/0    20:18   3:40   1:05 
Brandon Sutter           0  0  0   0  0   6  0  0  0  0  6/9    13:58   0:06   1:56 
Brenden Dillon           0  0  0   1  0   1  2  1  1  3  0/0    18:41   0:33   1:29 
Brian Gionta             0  0  0   0  0   1  0  0  1  1  2/3    12:05   0:09   0:00 
Claude Giroux            1  0  1   1  0   4  0  0  0  0  7/14   16:39   4:25   0:18 
Ivan Provorov            0  0  0  -1  0   2  0  0  1  2  0/0    22:13   3:14   2:29 
Jacob de la Rose         0  0  0  -1  0   1  1  0  0  0  0/0    12:29   0:10   0:15 
Jakub Voracek            0  1  1   1  2   0  0  0  1  0  0/0    15:02   2:56   0:00 
Mark Borowiecki          0  0  0   1  0   2  2  2  0  0  0/0    18:31   0:00   2:05 
Michael Raffl            0  0  0  -1  0   1  2  0  0  0  0/1    13:58   0:00   1:44 
Nolan Patrick            0  0  0  -1  0   4  1  0  1  0  12/16  12:04   0:00   0:00 
Pavel Buchnevich         0  0  0   1  0   0  0  0  0  0  1/1    14:53   2:56   0:00 
Robert Hagg              0  0  0   1  0   0  0  0  0  0  0/0    20:13   3:47   0:00 
Scott Laughton           0  0  0   0  2   1  5  0  0  0  1/1    11:52   0:00   0:00 
Sean Couturier           0  2  2   1  0   2  2  2  0  0  15/19  17:22   2:56   1:47 
Travis Konecny           0  1  1   1  0   2  2  1  0  0  2/3    16:53   4:21   0:00 
Wayne Simmonds           2  0  2   1  0   5  2  0  0  0  0/3    18:46   4:22   1:56 
Zdeno Chara              0  0  0   1  2   2  1  2  0  0  0/0    20:03   3:40   0:48 

3 Stars

1 - Wayne Simmonds (PHI)
2 - Henrik Lundqvist (PHI)
3 - Sean Couturier (PHI)

Power Play

New York Rangers - 0 on 3 Attempt(s) - 0.00%
Philadelphia Flyers - 1 on 4 Attempt(s) - 25.00%

Penalty Kill

New York Rangers - 3 on 4 Attempt(s) - 75.00% - Score 0 goal in Penalty Kill
Philadelphia Flyers - 3 on 3 Attempt(s) - 100.00% - Score 0 goal in Penalty Kill

Team Stat

New York Rangers - Hits : 24 - Faceoff Wins : 24 - Blocked Shots : 12 - Penalty Minutes : 8
Philadelphia Flyers - Hits : 23 - Faceoff Wins : 46 - Blocked Shots : 8 - Penalty Minutes : 6

Official

Referees : Dave Jackson and Eric Furlatt
Linesman : Lonnie Cameron and Brandon Gawryletz

Game Notes

No Game Note

Finance

Level 1 -- Attendance: 8952 (86.91%) -- Ticket Income fr. 716'160
Level 2 -- Attendance: 1480 (70.48%) -- Ticket Income fr. 96'200
Level 3 -- Attendance: 2979 (82.75%) -- Ticket Income fr. 104'265
Level 4 -- Attendance: 1450 (100.00%) -- Ticket Income fr. 29'000
Luxury Box -- Attendance: 46 (92.00%) -- Ticket Income fr. 9'200
Game was played at the Wells Fargo Center.
Total Attendance: 14907 (85.18%)
Total Ticket Income: fr. 954'825
Total Income: fr. 954'825

New York Rangers

5 vs 5 Forward 
   Center                   Left Wing                Right Wing               Time % Phy DF OF 
 1 Jujhar Khaira            Mike Hoffman             Mats Zuccarello          30     0   1  4  
 2 Brandon Dubinsky         Shawn Matthias           Magnus Paajarvi          30     0   2  3  
 3 J.T. Miller              Chris Kreider            Josh Leivo               25     1   2  2  
 4 Brandon Pirri            Matt Martin              Alexandre Burrows        15     2   3  0  

5 vs 5 Defense 
   Defense                  Defense                                           Time % Phy DF OF 
 1 Kris Russell             Brady Skjei                                       35     1   2  2  
 2 Dan Girardi              Neal Pionk                                        30     1   2  2  
 3 Tony DeAngelo            Alexander Petrovic                                25     1   3  1  
 4 Kris Russell             Tony DeAngelo                                     10     2   2  0  

PowerPlay Forward 
   Center                   Left Wing                Right Wing               Time % Phy DF OF 
 1 J.T. Miller              Mike Hoffman             Mats Zuccarello          50     0   1  4  
 2 Brandon Dubinsky         Chris Kreider            Josh Leivo               50     0   1  4  

PowerPlay Defense
   Defense                  Defense                                           Time % Phy DF OF 
 1 Tony DeAngelo            Neal Pionk                                        50     1   2  2  
 2 Brady Skjei              Alexander Petrovic                                50     1   2  2  

Penalty Kill 4 Players Forward 
   Center                   Wing                     Time % Phy DF OF 
 1 Mats Zuccarello          J.T. Miller              50     1   3  1  
 2 Mike Hoffman             Chris Kreider            50     1   3  1  

Penalty Kill 4 Players Defense
   Defense                  Defense                  Time % Phy DF OF 
 1 Tony DeAngelo            Alexander Petrovic       50     1   3  1  
 2 Brady Skjei              Kris Russell             50     1   3  1  

Penalty Kill - 3 Players Forward 
   Forward                                           Time % Phy DF OF 
 1 Mats Zuccarello                                   50     1   2  2  
 2 J.T. Miller                                       50     1   2  2  

Penalty Kill - 3 Players Defense
   Defense                  Defense                  Time % Phy DF OF 
 1 Neal Pionk               Tony DeAngelo            50     1   2  2  
 2 Brady Skjei              Kris Russell             50     1   2  2  

4 vs 4 Forward 
   Center                   Wing                     Time % Phy DF OF 
 1 Mats Zuccarello          J.T. Miller              50     1   1  3  
 2 Mike Hoffman             Chris Kreider            50     1   2  2  

4 vs 4 Defense
   Defense                  Defense                  Time % Phy DF OF 
 1 Dan Girardi              Neal Pionk               50     1   2  2  
 2 Brady Skjei              Kris Russell             50     1   2  2  

Last Minutes Offensive
   Center                   Left Wing                Right Wing               Defense                  Defense                  
   J.T. Miller              Mike Hoffman             Mats Zuccarello          Neal Pionk               Kris Russell             

Last Minutes Defensive
   Center                   Left Wing                Right Wing               Defense                  Defense                  
   J.T. Miller              Mike Hoffman             Mats Zuccarello          Dan Girardi              Brady Skjei              

Goaltenders
Starting : Peter Budaj              
Backup : Ryan Miller              

Extra Forwards
Normal : Jujhar Khaira, Brandon Dubinsky, Shawn Matthias - PP : Jujhar Khaira, Josh Leivo - PK : Shawn Matthias
Extra Defensemen
Normal : Neal Pionk, Alexander Petrovic, Brady Skjei - PP : Neal Pionk - PK : Alexander Petrovic, Brady Skjei
Penalty Shots
Mats Zuccarello, J.T. Miller, Mike Hoffman, Chris Kreider, Brandon Dubinsky
Custom OT Lines Forwards
Mats Zuccarello, J.T. Miller, Mike Hoffman, Chris Kreider, Brandon Dubinsky, Jujhar Khaira, Matt Martin, Alexandre Burrows, Shawn Matthias, Magnus Paajarvi
Custom OT Lines Defensemen
Dan Girardi, Neal Pionk, Brady Skjei, Kris Russell, Tony DeAngelo

Scratches
Adam Larsson (Healthy), Brendan Smith (Healthy), Lee Stempniak (Healthy)

Philadelphia Flyers

5 vs 5 Forward 
   Center                   Left Wing                Right Wing               Time % Phy DF OF 
 1 Claude Giroux            Jakub Voracek            Pavel Buchnevich         25     0   2  3  
 2 Sean Couturier           Travis Konecny           Wayne Simmonds           25     0   2  3  
 3 Brandon Sutter           Scott Laughton           Brian Gionta             25     0   2  2  
 4 Nolan Patrick            Jacob de la Rose         Michael Raffl            25     1   4  0  

5 vs 5 Defense 
   Defense                  Defense                                           Time % Phy DF OF 
 1 Mark Borowiecki          Zdeno Chara                                       33     1   2  2  
 2 Ivan Provorov            Brandon Manning                                   33     1   2  2  
 3 Brenden Dillon           Robert Hagg                                       33     1   2  2  
 4 Zdeno Chara              Ivan Provorov                                     1      1   2  2  

PowerPlay Forward 
   Center                   Left Wing                Right Wing               Time % Phy DF OF 
 1 Claude Giroux            Travis Konecny           Wayne Simmonds           60     0   0  5  
 2 Sean Couturier           Jakub Voracek            Pavel Buchnevich         40     0   0  5  

PowerPlay Defense
   Defense                  Defense                                           Time % Phy DF OF 
 1 Ivan Provorov            Robert Hagg                                       50     0   0  5  
 2 Zdeno Chara              Brandon Manning                                   50     0   0  5  

Penalty Kill 4 Players Forward 
   Center                   Wing                     Time % Phy DF OF 
 1 Sean Couturier           Michael Raffl            50     1   4  0  
 2 Brandon Sutter           Wayne Simmonds           50     1   4  0  

Penalty Kill 4 Players Defense
   Defense                  Defense                  Time % Phy DF OF 
 1 Zdeno Chara              Brenden Dillon           50     1   4  0  
 2 Mark Borowiecki          Ivan Provorov            50     1   4  0  

Penalty Kill - 3 Players Forward 
   Forward                                           Time % Phy DF OF 
 1 Brandon Sutter                                    50     0   5  0  
 2 Sean Couturier                                    50     0   5  0  

Penalty Kill - 3 Players Defense
   Defense                  Defense                  Time % Phy DF OF 
 1 Ivan Provorov            Brandon Manning          50     0   5  0  
 2 Zdeno Chara              Brenden Dillon           50     0   5  0  

4 vs 4 Forward 
   Center                   Wing                     Time % Phy DF OF 
 1 Brandon Sutter           Jakub Voracek            50     0   2  3  
 2 Sean Couturier           Wayne Simmonds           50     0   2  3  

4 vs 4 Defense
   Defense                  Defense                  Time % Phy DF OF 
 1 Brandon Manning          Ivan Provorov            50     1   2  2  
 2 Zdeno Chara              Robert Hagg              50     1   2  2  

Last Minutes Offensive
   Center                   Left Wing                Right Wing               Defense                  Defense                  
   Claude Giroux            Travis Konecny           Jakub Voracek            Ivan Provorov            Zdeno Chara              

Last Minutes Defensive
   Center                   Left Wing                Right Wing               Defense                  Defense                  
   Sean Couturier           Wayne Simmonds           Brandon Sutter           Zdeno Chara              Brenden Dillon           

Goaltenders
Starting : Henrik Lundqvist         
Backup : Brian Elliott            

Extra Forwards
Normal : Claude Giroux, Sean Couturier, Wayne Simmonds - PP : Claude Giroux, Jakub Voracek - PK : Brandon Sutter
Extra Defensemen
Normal : Ivan Provorov, Zdeno Chara, Brenden Dillon - PP : Ivan Provorov - PK : Zdeno Chara, Ivan Provorov
Penalty Shots
Claude Giroux, Jakub Voracek, Sean Couturier, Wayne Simmonds, Travis Konecny
Custom OT Lines Forwards
Claude Giroux, Sean Couturier, Jakub Voracek, Wayne Simmonds, Travis Konecny, Pavel Buchnevich, Brandon Sutter, Brian Gionta, Michael Raffl, Nolan Patrick
Custom OT Lines Defensemen
Zdeno Chara, Ivan Provorov, Brenden Dillon, Brandon Manning, Robert Hagg

Scratches
Jordan Weal (Healthy), Ryan McDonagh (Abdominal Strain Injury), Alex Lyon (Healthy)

% Time on Ice - New York Rangers

Lines # - Real PCT - Wanted PCT - Time Play
Normal Forward
1 - 30% - 30% - 14:35
2 - 30% - 30% - 14:35
3 - 25% - 25% - 11:57
4 - 15% - 15% - 7:28
Normal Defense
1 - 34% - 35% - 16:43
2 - 35% - 30% - 16:51
3 - 26% - 25% - 12:41
4 - 5% - 10% - 2:20
PP Forward
1 - 46% - 50% - 1:49
2 - 54% - 50% - 2:09
PP Defense
1 - 40% - 50% - 1:35
2 - 60% - 50% - 2:23
PK Forward
1 - 51% - 50% - 3:50
2 - 49% - 50% - 3:37
PK Defense
1 - 46% - 50% - 3:26
2 - 54% - 50% - 4:01
PK3 Forward
1 - 0% - 50%
2 - 0% - 50%
PK3 Defense
1 - 0% - 50%
2 - 0% - 50%
44 Forward
1 - 0% - 50%
2 - 0% - 50%
44 Defense
1 - 0% - 50%
2 - 0% - 50%
Last Minute Offensive  - 0:00
Last Minute Defensive  - 0:00
Total
Forward - 60:00
Defense - 60:00

% Time on Ice - Philadelphia Flyers

Lines # - Real PCT - Wanted PCT - Time Play
Normal Forward
1 - 25% - 25% - 12:10
2 - 26% - 25% - 12:29
3 - 24% - 25% - 11:52
4 - 25% - 25% - 12:04
Normal Defense
1 - 33% - 33% - 16:04
2 - 33% - 33% - 15:58
3 - 33% - 33% - 15:58
4 - 1% - 1% - 0:35
PP Forward
1 - 61% - 60% - 4:31
2 - 39% - 40% - 2:56
PP Defense
1 - 51% - 50% - 3:47
2 - 49% - 50% - 3:40
PK Forward
1 - 45% - 50% - 1:47
2 - 55% - 50% - 2:11
PK Defense
1 - 53% - 50% - 2:05
2 - 47% - 50% - 1:53
PK3 Forward
1 - 0% - 50%
2 - 0% - 50%
PK3 Defense
1 - 0% - 50%
2 - 0% - 50%
44 Forward
1 - 0% - 50%
2 - 0% - 50%
44 Defense
1 - 0% - 50%
2 - 0% - 50%
Last Minute Offensive  - 0:00
Last Minute Defensive  - 0:00
Total
Forward - 60:00
Defense - 60:00

Play-by-Play

1st period


0:01 of 1st period - Jujhar Khaira wins face-off versus Claude Giroux in neutral zone.
0:04 of 1st period - Jakub Voracek is hit by Mike Hoffman and loses puck.
0:27 of 1st period - Magnus Paajarvi is hit by Wayne Simmonds and loses puck.
0:42 of 1st period - Slapshot by Chris Kreider.
0:42 of 1st period - Shot Misses the Net.
0:44 of 1st period - Slapshot by J.T. Miller.
0:44 of 1st period - Shot Blocked by Mark Borowiecki.
0:46 of 1st period - Slapshot by Neal Pionk.
0:46 of 1st period - Stopped by Henrik Lundqvist without a rebound.
0:47 of 1st period - Brandon Sutter wins face-off versus Brandon Pirri in Philadelphia Flyers zone.
2:40 of 1st period - Snap shot by J.T. Miller.
2:40 of 1st period - Shot Misses the Net.
2:42 of 1st period - Snap shot by J.T. Miller.
2:42 of 1st period - Deflect By Chris Kreider.
2:42 of 1st period - Stopped by Henrik Lundqvist without a rebound.
2:43 of 1st period - Nolan Patrick wins face-off versus J.T. Miller in Philadelphia Flyers zone.
2:51 of 1st period - Icing by Ivan Provorov.
2:52 of 1st period - Nolan Patrick wins face-off versus Brandon Dubinsky in Philadelphia Flyers zone.
3:38 of 1st period - Wrist shot by Chris Kreider.
3:38 of 1st period - Shot Blocked by Travis Konecny.
3:40 of 1st period - Wrist shot by J.T. Miller.
3:40 of 1st period - Stopped by Henrik Lundqvist with a rebound.
3:42 of 1st period - Slapshot by Dan Girardi.
3:42 of 1st period - Stopped by Henrik Lundqvist with a rebound.
4:02 of 1st period - Slapshot by Brandon Sutter.
4:02 of 1st period - Stopped by Peter Budaj without a rebound.
4:03 of 1st period - Nolan Patrick wins face-off versus Brandon Dubinsky in New York Rangers zone.
4:25 of 1st period - Icing by Alexander Petrovic.
4:26 of 1st period - Claude Giroux wins face-off versus Brandon Dubinsky in New York Rangers zone.
4:31 of 1st period - Wrist shot by Jakub Voracek.
4:31 of 1st period - Shot Misses the Net.
6:55 of 1st period - Snap shot by Nolan Patrick.
6:55 of 1st period - Stopped by Peter Budaj with a rebound.
7:11 of 1st period - Wrist shot by Sean Couturier.
7:11 of 1st period - Shot Misses the Net.
7:48 of 1st period - Alexander Petrovic is hit by Jacob de la Rose and loses puck.
8:32 of 1st period - Wrist shot by Brandon Sutter.
8:32 of 1st period - Shot Blocked by Shawn Matthias.
8:46 of 1st period - Backhand shot by Travis Konecny.
8:46 of 1st period - Shot Misses the Net.
8:49 of 1st period - Icing by Neal Pionk.
8:50 of 1st period - Sean Couturier wins face-off versus Jujhar Khaira in New York Rangers zone.
9:13 of 1st period - Zdeno Chara is hit by J.T. Miller and loses puck.
10:30 of 1st period - Chris Kreider is hit by Wayne Simmonds and loses puck.
10:41 of 1st period - Robert Hagg is hit by Alexandre Burrows and loses puck.
11:02 of 1st period - Claude Giroux is hit by Shawn Matthias and loses puck.
11:11 of 1st period - Snap shot by Brandon Dubinsky.
11:11 of 1st period - Stopped by Henrik Lundqvist with a rebound.
11:47 of 1st period - Zdeno Chara is hit by Alexandre Burrows and loses puck.
12:14 of 1st period - Minor Penalty to Zdeno Chara for High sticking.
12:15 of 1st period - J.T. Miller wins face-off versus Sean Couturier in Philadelphia Flyers zone.
12:24 of 1st period - Wrist shot by Sean Couturier.
12:24 of 1st period - Stopped by Peter Budaj with a rebound.
14:13 of 1st period - Minor Penalty to Tony DeAngelo for Hooking.
14:14 of 1st period - Penalty to Zdeno Chara is over, Zdeno Chara is back on ice.
14:14 of 1st period - Mats Zuccarello wins face-off versus Claude Giroux in New York Rangers zone.
15:01 of 1st period - Dan Girardi is hit by Brandon Manning and loses puck.
16:13 of 1st period - Penalty to Tony DeAngelo is over, Tony DeAngelo is back on ice.
16:16 of 1st period - Chris Kreider is hit by Michael Raffl and loses puck.
16:49 of 1st period - Alexandre Burrows is hit by Scott Laughton and loses puck.
17:00 of 1st period - Brenden Dillon is hit by Brandon Dubinsky and loses puck.
17:05 of 1st period - Snap shot by Brandon Dubinsky.
17:05 of 1st period - Stopped by Henrik Lundqvist with a rebound.
17:07 of 1st period - Snap shot by Shawn Matthias.
17:07 of 1st period - Stopped by Henrik Lundqvist without a rebound.
17:08 of 1st period - Sean Couturier wins face-off versus Brandon Dubinsky in Philadelphia Flyers zone.
17:08 of 1st period - Sean Couturier is hit by Brandon Dubinsky.
17:49 of 1st period - Alexandre Burrows is hit by Nolan Patrick.
17:53 of 1st period - Snap shot by Kris Russell.
17:53 of 1st period - Shot Blocked by Zdeno Chara.
18:13 of 1st period - Jakub Voracek is hit by Jujhar Khaira and loses puck.
18:18 of 1st period - Wrist shot by Mike Hoffman.
18:18 of 1st period - Shot Misses the Net.
18:30 of 1st period - Neal Pionk is hit by Travis Konecny and loses puck.
19:01 of 1st period - Wrist shot by Mats Zuccarello.
19:01 of 1st period - Stopped by Henrik Lundqvist without a rebound.
19:02 of 1st period - J.T. Miller wins face-off versus Michael Raffl in Philadelphia Flyers zone.
19:27 of 1st period - Magnus Paajarvi is hit by Brenden Dillon and loses puck.
19:34 of 1st period - Claude Giroux is hit by Magnus Paajarvi and loses puck.
19:45 of 1st period - Matt Martin is hit by Brenden Dillon and loses puck.
19:54 of 1st period - Snap shot by Travis Konecny.
19:54 of 1st period - Stopped by Peter Budaj without a rebound.
19:55 of 1st period - Brandon Sutter wins face-off versus J.T. Miller in New York Rangers zone.
19:58 of 1st period - Slapshot by Brandon Sutter.
19:58 of 1st period - Shot Misses the Net.
Goals for this period are 0 for New York Rangers vs 0 for Philadelphia Flyers.
Shots for this period are 8 for New York Rangers vs 4 for Philadelphia Flyers.

2nd period


0:01 of 2nd period - Claude Giroux wins face-off versus Jujhar Khaira in neutral zone.
0:04 of 2nd period - Mats Zuccarello is hit by Brandon Manning.
0:16 of 2nd period - Slapshot by Mats Zuccarello.
0:16 of 2nd period - Deflect By Mike Hoffman.
0:16 of 2nd period - Stopped by Henrik Lundqvist with a rebound.
0:46 of 2nd period - Michael Raffl is hit by Tony DeAngelo and loses puck.
1:10 of 2nd period - Slapshot by Brady Skjei.
1:10 of 2nd period - Stopped by Henrik Lundqvist with a rebound.
1:28 of 2nd period - Snap shot by Pavel Buchnevich.
1:28 of 2nd period - Shot Blocked by Kris Russell.
1:46 of 2nd period - Snap shot by Brandon Sutter.
1:46 of 2nd period - Stopped by Peter Budaj without a rebound.
1:47 of 2nd period - Brandon Dubinsky wins face-off versus Brandon Sutter in New York Rangers zone.
1:47 of 2nd period - Brandon Dubinsky is hit by Scott Laughton.
3:11 of 2nd period - Scott Laughton is hit by Dan Girardi and loses puck.
3:18 of 2nd period - Wrist shot by J.T. Miller.
3:18 of 2nd period - Stopped by Henrik Lundqvist without a rebound.
3:19 of 2nd period - Nolan Patrick wins face-off versus Jujhar Khaira in Philadelphia Flyers zone.
3:28 of 2nd period - Snap shot by Nolan Patrick.
3:28 of 2nd period - Stopped by Peter Budaj with a rebound.
3:30 of 2nd period - Snap shot by Jacob de la Rose.
3:30 of 2nd period - Deflect By Michael Raffl.
3:30 of 2nd period - Shot Misses the Net.
3:30 of 2nd period - Puck is out of play.
3:31 of 2nd period - Brandon Dubinsky wins face-off versus Wayne Simmonds in New York Rangers zone.
3:46 of 2nd period - Snap shot by Sean Couturier.
3:46 of 2nd period - Shot Misses the Net.
4:25 of 2nd period - Wrist shot by Brandon Sutter.
4:25 of 2nd period - Shot Blocked by Brandon Pirri.
4:27 of 2nd period - Wrist shot by Zdeno Chara.
4:27 of 2nd period - Shot Misses the Net.
4:34 of 2nd period - Icing by Matt Martin.
4:35 of 2nd period - Pavel Buchnevich wins face-off versus J.T. Miller in New York Rangers zone.
5:12 of 2nd period - Wrist shot by Brandon Dubinsky.
5:12 of 2nd period - Stopped by Henrik Lundqvist with a rebound.
5:26 of 2nd period - Snap shot by Jakub Voracek.
5:26 of 2nd period - Shot Misses the Net.
5:28 of 2nd period - Slapshot by Ivan Provorov.
5:28 of 2nd period - Deflect By Mats Zuccarello.
5:28 of 2nd period - Stopped by Peter Budaj without a rebound.
5:29 of 2nd period - Sean Couturier wins face-off versus Jujhar Khaira in New York Rangers zone.
6:14 of 2nd period - Scott Laughton is hit by J.T. Miller and loses puck.
6:21 of 2nd period - Slapshot by J.T. Miller.
6:21 of 2nd period - Shot Misses the Net.
6:23 of 2nd period - Wrist shot by Josh Leivo.
6:23 of 2nd period - Stopped by Henrik Lundqvist without a rebound.
6:24 of 2nd period - Jujhar Khaira wins face-off versus Sean Couturier in Philadelphia Flyers zone.
6:29 of 2nd period - Snap shot by Mike Hoffman.
6:29 of 2nd period - Shot Blocked by Sean Couturier.
6:38 of 2nd period - Icing by Sean Couturier.
6:39 of 2nd period - Sean Couturier wins face-off versus Brandon Dubinsky in Philadelphia Flyers zone.
6:43 of 2nd period - Icing by Sean Couturier.
6:44 of 2nd period - Brandon Dubinsky wins face-off versus Sean Couturier in Philadelphia Flyers zone.
6:51 of 2nd period - Snap shot by Travis Konecny.
6:51 of 2nd period - Stopped by Peter Budaj with a rebound.
6:53 of 2nd period - Snap shot by Sean Couturier.
6:53 of 2nd period - Stopped by Peter Budaj with a rebound.
6:55 of 2nd period - Wrist shot by Wayne Simmonds.
6:55 of 2nd period - Shot Misses the Net.
6:57 of 2nd period - Backhand shot by Brenden Dillon.
6:57 of 2nd period - Stopped by Peter Budaj without a rebound.
6:58 of 2nd period - Jujhar Khaira wins face-off versus Nolan Patrick in New York Rangers zone.
6:58 of 2nd period - Jujhar Khaira is hit by Mark Borowiecki.
7:04 of 2nd period - Wrist shot by Mats Zuccarello.
7:04 of 2nd period - Stopped by Henrik Lundqvist without a rebound.
7:05 of 2nd period - Nolan Patrick wins face-off versus Mats Zuccarello in Philadelphia Flyers zone.
7:05 of 2nd period - Nolan Patrick is hit by Jujhar Khaira.
7:11 of 2nd period - Snap shot by Zdeno Chara.
7:11 of 2nd period - Shot Blocked by Jujhar Khaira.
7:13 of 2nd period - Snap shot by Mark Borowiecki.
7:13 of 2nd period - Deflect By Mats Zuccarello.
7:13 of 2nd period - Stopped by Peter Budaj without a rebound.
7:14 of 2nd period - Brian Gionta wins face-off versus Brandon Dubinsky in New York Rangers zone.
7:15 of 2nd period - Wrist shot by Brandon Sutter.
7:15 of 2nd period - Stopped by Peter Budaj without a rebound.
7:16 of 2nd period - Brandon Sutter wins face-off versus Brandon Dubinsky in New York Rangers zone.
7:22 of 2nd period - Off-side.
7:23 of 2nd period - Magnus Paajarvi wins face-off versus Brandon Sutter in neutral zone.
7:35 of 2nd period - Minor Penalty to Shawn Matthias for Hooking.
7:36 of 2nd period - Travis Konecny wins face-off versus Mats Zuccarello in New York Rangers zone.
7:51 of 2nd period - Slapshot by Brandon Manning.
7:51 of 2nd period - Shot Blocked by Brady Skjei.
8:17 of 2nd period - Tony DeAngelo is hit by Brandon Manning and loses puck.
9:35 of 2nd period - Penalty to Shawn Matthias is over, Shawn Matthias is back on ice.
10:10 of 2nd period - Icing by Brenden Dillon.
10:11 of 2nd period - Scott Laughton wins face-off versus Chris Kreider in Philadelphia Flyers zone.
10:11 of 2nd period - Scott Laughton is hit by Chris Kreider.
10:20 of 2nd period - Robert Hagg is hit by Neal Pionk and loses puck.
10:49 of 2nd period - Slapshot by Brandon Sutter.
10:49 of 2nd period - Stopped by Peter Budaj without a rebound.
10:50 of 2nd period - Sean Couturier wins face-off versus Jujhar Khaira in New York Rangers zone.
10:53 of 2nd period - Wrist shot by Wayne Simmonds.
10:53 of 2nd period - Stopped by Peter Budaj without a rebound.
10:54 of 2nd period - Sean Couturier wins face-off versus Jujhar Khaira in New York Rangers zone.
10:54 of 2nd period - Travis Konecny is hit by Mike Hoffman and loses puck.
11:03 of 2nd period - Snap shot by Sean Couturier.
11:03 of 2nd period - Shot Blocked by Mats Zuccarello.
11:05 of 2nd period - Slapshot by Zdeno Chara.
11:05 of 2nd period - Stopped by Peter Budaj with a rebound.
11:23 of 2nd period - Wrist shot by Jujhar Khaira.
11:23 of 2nd period - Stopped by Henrik Lundqvist with a rebound.
11:25 of 2nd period - Minor Penalty to Jakub Voracek for Elbowing.
11:26 of 2nd period - Sean Couturier wins face-off versus Brandon Dubinsky in Philadelphia Flyers zone.
11:37 of 2nd period - Wrist shot by Josh Leivo.
11:37 of 2nd period - Stopped by Henrik Lundqvist with a rebound.
12:42 of 2nd period - Icing by Brady Skjei.
12:43 of 2nd period - Sean Couturier wins face-off versus Brandon Dubinsky in New York Rangers zone.
12:52 of 2nd period - Icing by Brandon Dubinsky.
12:53 of 2nd period - Brandon Sutter wins face-off versus Brandon Dubinsky in New York Rangers zone.
12:54 of 2nd period - Snap shot by Wayne Simmonds.
12:54 of 2nd period - Shot Misses the Net.
13:08 of 2nd period - Snap shot by Brandon Dubinsky.
13:08 of 2nd period - Shot Misses the Net.
13:10 of 2nd period - Slapshot by Josh Leivo.
13:10 of 2nd period - Shot Misses the Net.
13:12 of 2nd period - Snap shot by Brandon Dubinsky.
13:12 of 2nd period - Shot Misses the Net.
13:14 of 2nd period - Slapshot by Brady Skjei.
13:14 of 2nd period - Stopped by Henrik Lundqvist without a rebound.
13:15 of 2nd period - J.T. Miller wins face-off versus Sean Couturier in Philadelphia Flyers zone.
13:25 of 2nd period - Penalty to Jakub Voracek is over, Jakub Voracek is back on ice.
13:30 of 2nd period - Wrist shot by Mats Zuccarello.
13:30 of 2nd period - Shot Misses the Net.
14:10 of 2nd period - Snap shot by Wayne Simmonds.
14:10 of 2nd period - Shot Misses the Net.
14:12 of 2nd period - Slapshot by Ivan Provorov.
14:12 of 2nd period - Shot Misses the Net.
14:14 of 2nd period - Slapshot by Sean Couturier.
14:14 of 2nd period - Shot Misses the Net.
14:16 of 2nd period - Slapshot by Brandon Manning.
14:16 of 2nd period - Stopped by Peter Budaj with a rebound.
14:33 of 2nd period - Nolan Patrick is hit by Tony DeAngelo and loses puck.
14:46 of 2nd period - Snap shot by Brandon Sutter.
14:46 of 2nd period - Stopped by Peter Budaj with a rebound.
14:52 of 2nd period - Brian Gionta is hit by Tony DeAngelo and loses puck.
15:10 of 2nd period - Slapshot by Brandon Dubinsky.
15:10 of 2nd period - Shot Misses the Net.
15:22 of 2nd period - Snap shot by Sean Couturier.
15:22 of 2nd period - Shot Misses the Net.
15:24 of 2nd period - Wrist shot by Brandon Manning.
15:24 of 2nd period - Stopped by Peter Budaj without a rebound.
15:25 of 2nd period - Sean Couturier wins face-off versus J.T. Miller in New York Rangers zone.
15:28 of 2nd period - Wrist shot by Wayne Simmonds.
15:28 of 2nd period - Stopped by Peter Budaj without a rebound.
15:29 of 2nd period - Nolan Patrick wins face-off versus J.T. Miller in New York Rangers zone.
15:30 of 2nd period - Wrist shot by Jacob de la Rose.
15:30 of 2nd period - Shot Misses the Net.
15:32 of 2nd period - Slapshot by Brenden Dillon.
15:32 of 2nd period - Deflect By Jacob de la Rose.
15:32 of 2nd period - Shot Misses the Net.
15:32 of 2nd period - Puck is out of play.
15:33 of 2nd period - J.T. Miller wins face-off versus Nolan Patrick in New York Rangers zone.
16:03 of 2nd period - Wrist shot by J.T. Miller.
16:03 of 2nd period - Stopped by Henrik Lundqvist with a rebound.
16:17 of 2nd period - Minor Penalty to Chris Kreider for Hooking.
16:18 of 2nd period - Mats Zuccarello wins face-off versus Claude Giroux in New York Rangers zone.
16:18 of 2nd period - Mats Zuccarello is hit by Zdeno Chara.
16:32 of 2nd period - Snap shot by Claude Giroux.
16:32 of 2nd period - Stopped by Peter Budaj with a rebound.
16:34 of 2nd period - Slapshot by Zdeno Chara.
16:34 of 2nd period - Shot Blocked by Alexander Petrovic.
16:48 of 2nd period - Off-side.
16:49 of 2nd period - Mike Hoffman wins face-off versus Claude Giroux in neutral zone.
16:57 of 2nd period - Icing by Wayne Simmonds.
16:58 of 2nd period - Shawn Matthias wins face-off versus Claude Giroux in Philadelphia Flyers zone.
17:47 of 2nd period - Slapshot by Wayne Simmonds.
17:47 of 2nd period - Goal by Wayne Simmonds - New York Rangers : 0 - Philadelphia Flyers : 1.
17:48 of 2nd period - Brandon Dubinsky wins face-off versus Nolan Patrick in neutral zone.
18:02 of 2nd period - Wrist shot by Michael Raffl.
18:02 of 2nd period - Shot Blocked by Brandon Dubinsky.
18:25 of 2nd period - Ivan Provorov is hit by Jujhar Khaira and loses puck.
18:45 of 2nd period - Snap shot by Claude Giroux.
18:45 of 2nd period - Shot Misses the Net.
18:47 of 2nd period - Slapshot by Brandon Manning.
18:47 of 2nd period - Shot Misses the Net.
19:25 of 2nd period - Wrist shot by Brandon Dubinsky.
19:25 of 2nd period - Deflect By Magnus Paajarvi.
19:25 of 2nd period - Shot Misses the Net.
19:25 of 2nd period - Puck is out of play.
19:26 of 2nd period - Jujhar Khaira wins face-off versus Claude Giroux in Philadelphia Flyers zone.
19:35 of 2nd period - Wrist shot by Mark Borowiecki.
19:35 of 2nd period - Shot Blocked by Mats Zuccarello.
19:37 of 2nd period - Slapshot by Mark Borowiecki.
19:37 of 2nd period - Shot Misses the Net.
19:39 of 2nd period - Slapshot by Mark Borowiecki.
19:39 of 2nd period - Shot Misses the Net.
19:41 of 2nd period - Snap shot by Claude Giroux.
19:41 of 2nd period - Stopped by Peter Budaj with a rebound.
19:53 of 2nd period - Mark Borowiecki is hit by Brandon Dubinsky and loses puck.
19:58 of 2nd period - Wrist shot by Brandon Dubinsky.
19:58 of 2nd period - Stopped by Henrik Lundqvist without a rebound.
19:59 of 2nd period - Sean Couturier wins face-off versus Brandon Dubinsky in Philadelphia Flyers zone.
Goals for this period are 0 for New York Rangers vs 1 for Philadelphia Flyers.
Shots for this period are 11 for New York Rangers vs 18 for Philadelphia Flyers.

3rd period


0:01 of 3rd period - Travis Konecny wins face-off versus Brandon Dubinsky in neutral zone.
0:23 of 3rd period - Icing by Kris Russell.
0:24 of 3rd period - Claude Giroux wins face-off versus Shawn Matthias in New York Rangers zone.
2:20 of 3rd period - Wrist shot by Mark Borowiecki.
2:20 of 3rd period - Stopped by Peter Budaj without a rebound.
2:21 of 3rd period - Sean Couturier wins face-off versus Brandon Dubinsky in New York Rangers zone.
2:24 of 3rd period - Wrist shot by Wayne Simmonds.
2:24 of 3rd period - Deflect By Sean Couturier.
2:24 of 3rd period - Shot Misses the Net.
2:24 of 3rd period - Puck is out of play.
2:25 of 3rd period - Sean Couturier wins face-off versus Brandon Dubinsky in New York Rangers zone.
2:40 of 3rd period - Wrist shot by Sean Couturier.
2:40 of 3rd period - Deflect By Travis Konecny.
2:40 of 3rd period - Shot Misses the Net.
2:40 of 3rd period - Puck is out of play.
2:41 of 3rd period - Nolan Patrick wins face-off versus Mats Zuccarello in New York Rangers zone.
2:55 of 3rd period - Snap shot by Mike Hoffman.
2:55 of 3rd period - Stopped by Henrik Lundqvist with a rebound.
3:09 of 3rd period - Icing by Mark Borowiecki.
3:10 of 3rd period - Nolan Patrick wins face-off versus J.T. Miller in Philadelphia Flyers zone.
3:15 of 3rd period - Slapshot by Nolan Patrick.
3:15 of 3rd period - Stopped by Peter Budaj with a rebound.
3:21 of 3rd period - Snap shot by Nolan Patrick.
3:21 of 3rd period - Deflect By Michael Raffl.
3:21 of 3rd period - Shot Misses the Net.
3:21 of 3rd period - Puck is out of play.
3:22 of 3rd period - Claude Giroux wins face-off versus Jujhar Khaira in New York Rangers zone.
3:58 of 3rd period - Slapshot by Kris Russell.
3:58 of 3rd period - Stopped by Henrik Lundqvist with a rebound.
4:00 of 3rd period - Backhand shot by Kris Russell.
4:00 of 3rd period - Stopped by Henrik Lundqvist without a rebound.
4:01 of 3rd period - Sean Couturier wins face-off versus Chris Kreider in Philadelphia Flyers zone.
5:10 of 3rd period - Wrist shot by Nolan Patrick.
5:10 of 3rd period - Deflect By Michael Raffl.
5:10 of 3rd period - Stopped by Peter Budaj with a rebound.
5:27 of 3rd period - Wrist shot by Mike Hoffman.
5:27 of 3rd period - Shot Misses the Net.
5:33 of 3rd period - Jujhar Khaira is hit by Travis Konecny and loses puck.
5:50 of 3rd period - J.T. Miller is hit by Scott Laughton and loses puck.
6:20 of 3rd period - Icing by Kris Russell.
6:21 of 3rd period - Nolan Patrick wins face-off versus Brandon Dubinsky in New York Rangers zone.
6:36 of 3rd period - Wrist shot by Wayne Simmonds.
6:36 of 3rd period - Stopped by Peter Budaj without a rebound.
6:37 of 3rd period - J.T. Miller wins face-off versus Brian Gionta in New York Rangers zone.
7:09 of 3rd period - Slapshot by Ivan Provorov.
7:09 of 3rd period - Stopped by Peter Budaj without a rebound.
7:10 of 3rd period - Claude Giroux wins face-off versus Jujhar Khaira in New York Rangers zone.
7:11 of 3rd period - Snap shot by Jakub Voracek.
7:11 of 3rd period - Shot Misses the Net.
7:19 of 3rd period - Slapshot by Jakub Voracek.
7:19 of 3rd period - Shot Blocked by Kris Russell.
7:21 of 3rd period - Snap shot by Claude Giroux.
7:21 of 3rd period - Stopped by Peter Budaj with a rebound.
7:23 of 3rd period - Slapshot by Zdeno Chara.
7:23 of 3rd period - Stopped by Peter Budaj without a rebound.
7:24 of 3rd period - Sean Couturier wins face-off versus Brandon Dubinsky in New York Rangers zone.
7:25 of 3rd period - Wrist shot by Travis Konecny.
7:25 of 3rd period - Shot Blocked by Shawn Matthias.
7:27 of 3rd period - Minor Penalty to Shawn Matthias for Slashing.
7:28 of 3rd period - Mike Hoffman wins face-off versus Claude Giroux in New York Rangers zone.
7:39 of 3rd period - Snap shot by Claude Giroux.
7:39 of 3rd period - Shot Misses the Net.
7:41 of 3rd period - Slapshot by Travis Konecny.
7:41 of 3rd period - Shot Misses the Net.
7:43 of 3rd period - Wrist shot by Zdeno Chara.
7:43 of 3rd period - Shot Misses the Net.
8:32 of 3rd period - Mats Zuccarello is hit by Sean Couturier and loses puck.
9:27 of 3rd period - Penalty to Shawn Matthias is over, Shawn Matthias is back on ice.
10:14 of 3rd period - Slapshot by Dan Girardi.
10:14 of 3rd period - Deflect By Zdeno Chara.
10:14 of 3rd period - Stopped by Henrik Lundqvist without a rebound.
10:15 of 3rd period - Nolan Patrick wins face-off versus Brandon Dubinsky in Philadelphia Flyers zone.
10:20 of 3rd period - Magnus Paajarvi is hit by Michael Raffl and loses puck.
10:56 of 3rd period - Snap shot by Scott Laughton.
10:56 of 3rd period - Stopped by Peter Budaj with a rebound.
11:02 of 3rd period - Neal Pionk is hit by Mark Borowiecki.
11:18 of 3rd period - Snap shot by Brandon Dubinsky.
11:18 of 3rd period - Stopped by Henrik Lundqvist without a rebound.
11:19 of 3rd period - Brandon Dubinsky wins face-off versus Travis Konecny in Philadelphia Flyers zone.
11:49 of 3rd period - Slapshot by Brady Skjei.
11:49 of 3rd period - Stopped by Henrik Lundqvist with a rebound.
12:05 of 3rd period - Slapshot by Nolan Patrick.
12:05 of 3rd period - Shot Blocked by Kris Russell.
12:07 of 3rd period - Wrist shot by Jacob de la Rose.
12:07 of 3rd period - Shot Misses the Net.
12:09 of 3rd period - Slapshot by Robert Hagg.
12:09 of 3rd period - Deflect By Jacob de la Rose.
12:09 of 3rd period - Deflect By Brady Skjei.
12:09 of 3rd period - Stopped by Peter Budaj without a rebound.
12:10 of 3rd period - Brandon Pirri wins face-off versus Wayne Simmonds in New York Rangers zone.
12:10 of 3rd period - Brandon Pirri is hit by Sean Couturier.
12:18 of 3rd period - Snap shot by Alexandre Burrows.
12:18 of 3rd period - Stopped by Henrik Lundqvist without a rebound.
12:19 of 3rd period - Sean Couturier wins face-off versus Jujhar Khaira in Philadelphia Flyers zone.
12:19 of 3rd period - Travis Konecny is hit by Mike Hoffman and loses puck.
12:34 of 3rd period - Backhand shot by Mats Zuccarello.
12:34 of 3rd period - Stopped by Henrik Lundqvist without a rebound.
12:35 of 3rd period - Nolan Patrick wins face-off versus Brandon Dubinsky in Philadelphia Flyers zone.
12:48 of 3rd period - Snap shot by Jacob de la Rose.
12:48 of 3rd period - Shot Misses the Net.
13:16 of 3rd period - Snap shot by Chris Kreider.
13:16 of 3rd period - Shot Blocked by Brenden Dillon.
13:24 of 3rd period - Snap shot by Nolan Patrick.
13:24 of 3rd period - Stopped by Peter Budaj with a rebound.
13:47 of 3rd period - Slapshot by Sean Couturier.
13:47 of 3rd period - Shot Misses the Net.
14:15 of 3rd period - Wrist shot by Jakub Voracek.
14:15 of 3rd period - Shot Misses the Net.
14:17 of 3rd period - Wrist shot by Claude Giroux.
14:17 of 3rd period - Goal by Claude Giroux - New York Rangers : 0 - Philadelphia Flyers : 2.
14:18 of 3rd period - Brian Gionta wins face-off versus Jujhar Khaira in neutral zone.
14:18 of 3rd period - Brian Gionta is hit by Brady Skjei.
14:32 of 3rd period - Brandon Sutter is hit by Jujhar Khaira and loses puck.
15:06 of 3rd period - Sean Couturier is hit by Chris Kreider.
15:10 of 3rd period - Wrist shot by Wayne Simmonds.
15:10 of 3rd period - Goal by Wayne Simmonds - New York Rangers : 0 - Philadelphia Flyers : 3.
15:11 of 3rd period - Brandon Sutter wins face-off versus Jujhar Khaira in neutral zone.
15:32 of 3rd period - Mats Zuccarello is hit by Scott Laughton and loses puck.
16:03 of 3rd period - Snap shot by Nolan Patrick.
16:03 of 3rd period - Deflect By Jacob de la Rose.
16:03 of 3rd period - Shot Misses the Net.
16:03 of 3rd period - Puck is out of play.
16:04 of 3rd period - Nolan Patrick wins face-off versus Brandon Dubinsky in New York Rangers zone.
17:15 of 3rd period - Slapshot by Brandon Sutter.
17:15 of 3rd period - Stopped by Peter Budaj with a rebound.
17:17 of 3rd period - Snap shot by Brian Gionta.
17:17 of 3rd period - Shot Misses the Net.
17:19 of 3rd period - Slapshot by Robert Hagg.
17:19 of 3rd period - Deflect By Brian Gionta.
17:19 of 3rd period - Stopped by Peter Budaj without a rebound.
17:20 of 3rd period - Claude Giroux wins face-off versus Brandon Dubinsky in New York Rangers zone.
17:49 of 3rd period - Off-side.
17:50 of 3rd period - Mats Zuccarello wins face-off versus Wayne Simmonds in neutral zone.
17:55 of 3rd period - Snap shot by Mats Zuccarello.
17:55 of 3rd period - Stopped by Henrik Lundqvist with a rebound.
17:57 of 3rd period - Wrist shot by Jujhar Khaira.
17:57 of 3rd period - Stopped by Henrik Lundqvist with a rebound.
17:59 of 3rd period - Snap shot by Neal Pionk.
17:59 of 3rd period - Shot Blocked by Zdeno Chara.
18:01 of 3rd period - Snap shot by Mats Zuccarello.
18:01 of 3rd period - Shot Blocked by Sean Couturier.
18:03 of 3rd period - Slapshot by Dan Girardi.
18:03 of 3rd period - Shot Misses the Net.
18:05 of 3rd period - Snap shot by Mike Hoffman.
18:05 of 3rd period - Shot Blocked by Mark Borowiecki.
18:53 of 3rd period - Icing by Neal Pionk.
18:54 of 3rd period - Josh Leivo wins face-off versus Brandon Sutter in New York Rangers zone.
18:54 of 3rd period - Josh Leivo is hit by Scott Laughton.
19:23 of 3rd period - Icing by Mark Borowiecki.
19:24 of 3rd period - Claude Giroux wins face-off versus Jujhar Khaira in Philadelphia Flyers zone.
19:48 of 3rd period - Off-side.
19:49 of 3rd period - Brandon Dubinsky wins face-off versus Nolan Patrick in neutral zone.
19:58 of 3rd period - Wrist shot by Shawn Matthias.
19:58 of 3rd period - Goal by Shawn Matthias - New York Rangers : 1 - Philadelphia Flyers : 3.
19:59 of 3rd period - Brandon Sutter wins face-off versus J.T. Miller in neutral zone.
0:00 - Minor Penalty to Scott Laughton for Tripping.
Goals for this period are 1 for New York Rangers vs 2 for Philadelphia Flyers.
Shots for this period are 11 for New York Rangers vs 14 for Philadelphia Flyers.